 Dungeon Crawl Stone Soup version 0.28-a0-1395-g4f6bc678fa (webtiles) character file.

Game seed: 18216758612629214470

184 YayAnonymity the Vandal (level 5, 0/38 HPs)
             Began as a Demonspawn Hunter on Jan 5, 2022.
             Succumbed to a kobold brigand's curare-tipped dart
             ... in a sewer.
             The game lasted 00:07:16 (3362 turns).

YayAnonymity the Vandal (Demonspawn Hunter)         Turns: 3362, Time: 00:07:17

Health: 0/38       AC:  3    Str: 14    XL:     5   Next: 36%
Magic:  5/5        EV: 12    Int: 12    God:
Gold:   48         SH:  0    Dex: 18    Spells: 4/4 levels left

rFire   . . .      SeeInvis .   a - +1 hunting sling
rCold   . . .      Faith    .   (no shield)
rNeg    . . .      Spirit   .   c - +0 leather armour
rPois   .          Reflect  .   (no helmet)
rElec   .          Harm     .   (no cloak)
rCorr   .          Rampage  .   (no gloves)
Will    .....                   (no boots)
Stlth   ++++......              (no amulet)
HPRegen 0.12/turn               (no ring)
MPRegen 0.09/turn               (no ring)

@: lethally poisoned (0 -> -15), slowed, very slow
A: thin skeletal structure 2
a: no special abilities


You were in a sewer.
You visited 1 branch of the dungeon, and saw 3 of its levels.
You also visited: Sewer.

You collected 48 gold pieces.

Inventory:

Hand Weapons
 a - a +1 hunting sling (weapon)
 b - a +0 short sword
Missiles
 d - 16 sling bullets
 e - 32 stones (quivered ammo)
 g - 2 throwing nets
 k - 15 poisoned darts
 l - 8 boomerangs
Armour
 c - a +0 leather armour (worn)
Scrolls
 f - a scroll of enchant armour {unknown}
 n - a scroll of acquirement {unknown}
 o - a scroll of noise {unknown}
Potions
 h - a potion of might {unknown}
 i - a potion of curing {unknown}
 j - a potion of degeneration {unknown}
 m - a potion of resistance {unknown}
 p - a potion of heal wounds
 q - a potion of invisibility {unknown}
 r - a potion of cancellation {unknown}


   Skills:
 - Level 2.0 Fighting
 + Level 5.4 Slings
 - Level 1.7 Dodging
 - Level 3.0 Stealth


You had 4 spell levels left.
You didn't know any spells.
Your spell library contained the following spells:

 Spells                   Type           Power      Damage    Failure   Level
 Sublimation of Blood     Necr           0%         N/A       54%         2
 Petrify                  Tmut/Erth      0%         N/A       99%         4
 Irradiate                Conj/Tmut      0%         3d13      100%        5


Dungeon Overview and Level Annotations

Branches:
Dungeon (3/15)              Sewer (1/1)

Altars:


Innate Abilities, Weirdness & Mutations

You have a moderately thin skeletal structure. (Dex +4, Stealth++)


Message History

The kobold brigand closely misses you.
You shoot a stone. The stone hits the kobold brigand!
The kobold brigand is heavily wounded.
The kobold brigand barely misses you.
You shoot a stone.
The stone closely misses the kobold brigand.
The stone hits the kobold.
The kobold is severely wounded.
You shoot a stone.
The stone closely misses the kobold brigand.
The kobold brigand closely misses you.
You shoot a stone.
The stone closely misses the kobold brigand.
The kobold brigand closely misses you. The kobold closely misses you. x2
You shoot a stone.
The stone closely misses the kobold brigand.
The kobold brigand barely misses you. The kobold hits you but does no damage.
The kobold closely misses you.
The kobold brigand hits you with a +0 club.
The kobold closely misses you.
The kobold throws a stone.
The stone hits you but does no damage.
The kobold brigand throws a curare-tipped dart.
The curare-tipped dart hits you.
You are poisoned.
You have difficulty breathing.
You feel yourself slow down.
The kobold throws a stone.
The stone hits you but does no damage.
You feel very sick.
The kobold brigand throws a curare-tipped dart.
The curare-tipped dart hits you.
You are lethally poisoned!
You have difficulty breathing.
You feel as though you will be slow longer.
The kobold throws a stone.
The stone closely misses you.
The kobold throws a stone.
The stone hits you but does no damage.
* * * LOW HITPOINT WARNING * * *
You feel extremely sick.
The kobold brigand throws a curare-tipped dart.
The curare-tipped dart misses you.
You see here a ball python corpse.
You die... #.....#≈≈≈≈≈≈ ..(.. #.....#≈≈≈≈≈≈ KK(

###)###≈≈≈≈≈≈###K##
##...≈≈≈≈≈≈≈≈≈..K(#
#...≈≈≈≈≈≈≈≈≈≈≈.K.#
#...≈≈≈≈≈≈≈≈≈≈.KK.#
##....≈≈≈≈≈≈≈≈....†#
#.....≈≈≈≈≈≈≈..††.##
#....≈≈≈≈≈≈≈≈#..@.#
#.....≈≈≈≈≈≈≈##..##
##....≈≈≈≈≈≈≈##..#
#....≈≈≈≈≈≈##.†.#
##....≈≈≈≈≈#..††##
###....≈≈≈≈≈≈.....##
∩###...≈≈≈≈≈≈......#
.###...≈≈≈≈≈≈...#..#
..#....≈≈≈≈≈≈.###..#


You could see a kobold brigand and 5 kobolds.

Vanquished Creatures
  2 adders (Sewer)
  9 river rats (Sewer)
  2 worms (D:2)
  2 dart slugs
  3 bats
  2 endoplasms (D:1)
  8 giant cockroaches
  2 goblins (D:1)
  3 hobgoblins
  6 quokkas
  9 ball pythons
  2 frilled lizards (D:1)
  13 kobolds
  18 rats
81 creatures vanquished.

Notes
Turn   | Place    | Note
-------+----------+-------------------------------------------
     0 | D:1      | YayAnonymity the Demonspawn Hunter began the quest for the
                  | Orb.
     0 | D:1      | Reached XP level 1. HP: 16/16 MP: 1/1
    31 | D:1      | Reached skill level 1 in Stealth
    99 | D:1      | Gained mutation: You have a somewhat thin skeletal
                  | structure. (Dex +2, Stealth+) [demonic ancestry]
    99 | D:1      | Reached XP level 2. HP: 22/22 MP: 2/2
   419 | D:1      | Reached skill level 4 in Slings
   729 | D:1      | Reached XP level 3. HP: 27/27 MP: 3/3
  1611 | D:3      | Found a glowing drain.
  1679 | Sewer    | Entered a sewer
  1764 | Sewer    | Reached XP level 4. HP: 10/33 MP: 4/4
  2940 | Sewer    | Reached skill level 5 in Slings
  3197 | Sewer    | Gained mutation: You have a moderately thin skeletal
                  | structure. (Dex +4, Stealth++) [demonic ancestry]
  3197 | Sewer    | Reached XP level 5. HP: 34/38 MP: 5/5
  3362 | Sewer    | Succumbed to a kobold brigand's curare-tipped dart

Illustrated notes

Levels and vault maps discovered:
D:1:      roderic_octagonal_star, layout_rooms
D:2:      layout_loops_cross
D:3:      layout_loops_corners, trog_wizard, gup_sewer_entry_pipe,
          minmay_close_crescents, uniq_sigmund
Sewer:    sewer_minmay_treatment

Skill      XL: |  1  2  3  4 |
---------------+-------------+-----
Stealth        | 1 2 3 |  3.0
Slings         | 4 5 |  5.4
Fighting       | |  2.0
Dodging        | |  1.7

Action                   |  1- 3 |  4- 6 || total
-------------------------+-------+-------++-------
Melee: Short sword       |    58 |    21 ||    79
 Fire: Hunting sling     |    93 |   130 ||   223
  Use: Potion            |       |     1 ||     1
Armor: Leather armour    |    14 |    16 ||    30
Dodge: Dodged            |    35 |    57 ||    92

Table legend: (Time is in decaauts)
 A = Elapsed time spent in this place.
 B = Non-inter-level travel time spent in this place.
 C = Inter-level travel time spent in this place.
 D = Time resting spent in this place.
 E = Time spent auto-exploring this place.
 F = Levels seen in this place.
 G = Mean time per level.
                   A        B        C        D        E       F      G
               +--------+--------+--------+--------+--------+-----+--------+
         Total |   3375 |   3318 |     57 |      0 |   2594 |   4 |  843.8 |
       Dungeon |   1692 |   1635 |     57 |      0 |   1267 |   3 |  564.0 |
         Sewer |   1683 |   1683 |      0 |      0 |   1326 |   1 | 1683.0 |
               +--------+--------+--------+--------+--------+-----+--------+

Top non-repeatable levels by time:
   Sewer: 1683 daAuts
     D:1: 832 daAuts
     D:2: 583 daAuts
     D:3: 276 daAuts
